 Dungeon Crawl Stone Soup version 0.31-a0-1309-gbf3fed316f (webtiles) character file.

Game seed: 7455179247968811988

64789 Amplified the Basher (level 14, 0/118 HPs)
             Began as a Demigod Ice Elementalist on Dec 19, 2023.
             Killed from afar by an efreet (28 damage)
             ... with a fireball
             ... on level 15 of the Dungeon on Dec 20, 2023.
             The game lasted 00:47:25 (25636 turns).

Amplified the Basher (Demigod Ice Elementalist)    Turns: 25636, Time: 00:47:27

Health: 0/118      AC: 12    Str: 21    XL:     14   Next: 34%
Magic:  28/33      EV: 28    Int: 24    God:
Gold:   171        SH:  7    Dex: 10    Spells: 11/34 levels left

rFire   . . .        l - +9 mace "Pichye" {heavy, Fly rN++ Int+3 Dex-4 Stlth+}
rCold   . . .        O - +2 buckler
rNeg    + + .        B - +1 acid dragon scales
rPois   +            M - +2 helmet {SInv}
rElec   .            P - +2 cloak {rPois}
rCorr   +            I - +0 pair of gloves
SInv    +            p - +0 pair of boots
Will    ++...        e - amulet of the acrobat
Stlth   ++           i - ring of wizardry
HPRegen 0.39/turn    d - ring of willpower
MPRegen 0.23/turn

%: acrobat, wizardry (x1)
@: acrobatic, flying, studying Dodging
A: high MP 1, forlorn, divine attributes, deformed body
a: no special abilities


You were on level 15 of the Dungeon.
You visited 3 branches of the dungeon, and saw 22 of its levels.
You also visited: Ice Cave.

You collected 2249 gold pieces.
You spent 2078 gold pieces at shops.

Inventory:

Hand Weapons
 l - the +9 mace "Pichye" (weapon) {heavy, Fly rN++ Int+3 Dex-4 Stlth+}
   (You found it on level 2 of the Dungeon)

   Int+3:     It affects your intelligence (+3).
   Dex-4:     It affects your dexterity (-4).
   rN++:      It greatly protects you from negative energy.
   Fly:       It grants you flight.
   Stlth+:    It makes you more stealthy.
 L - a +0 demon whip of venom
Missiles
 g - 8 poisoned darts
 j - 3 throwing nets
Armour
 p - a +0 pair of boots (worn)
 q - the +1 shadow dragon scales of the Sailor {Str+3 Stlth++++}
   (You found it on level 2 of the Lair of Beasts)

   Str+3:     It affects your strength (+3).
   Stlth++++: It makes you much more stealthy.
 B - +1 acid dragon scales (worn)
 I - a +0 pair of gloves (worn)
 M - a +2 helmet of see invisible (worn)
 O - a +2 buckler (worn)
 P - a +2 cloak of poison resistance (worn)
Jewellery
 d - a ring of willpower (right hand)
 e - an amulet of the acrobat (around neck)
 i - a ring of wizardry (left hand)
 k - a ring of poison resistance
 n - a ring of see invisible
 t - a ring of flight
 u - a ring of protection from fire
Wands
 a - a wand of flame (3)
 f - a wand of quicksilver (6)
 m - a wand of polymorph (5)
 o - a wand of digging (7)
 E - a wand of mindburst (27)
 G - a wand of charming (1)
 N - a wand of iceblast (19)
Scrolls
 r - 3 scrolls of silence
 s - 2 scrolls of brand weapon
 v - 5 scrolls of teleportation
 w - a scroll of torment
 z - 7 scrolls of identify
 A - a scroll of fog
 C - 3 scrolls of amnesia
 F - a scroll of enchant weapon
 H - 3 scrolls of enchant armour
 Q - 3 scrolls of immolation
 S - a scroll of poison
 W - a scroll of revelation
 Z - a scroll of summoning
Potions
 b - 2 potions of magic
 h - 5 potions of enlightenment
 x - 4 potions of lignification
 D - a potion of ambrosia
 J - a potion of haste
 K - a potion of resistance
 R - 2 potions of mutation
 T - a potion of might
 U - 2 potions of attraction
 V - a potion of brilliance
 X - a potion of cancellation


   Skills:
 + Level 9.4 Fighting
 * Level 12.6 Maces & Flails
 * Level 8.1 Dodging
 - Level 1.7 Stealth
 * Level 5.4 Shields
 - Level 10.7 Spellcasting
 - Level 7.2 Hexes
 - Level 6.3 Summonings
 - Level 8.9 Ice Magic
 - Level 2.4 Air Magic


You had 11 spell levels left.
You knew the following spells:

 Your Spells              Type           Power      Damage    Failure   Level
a - Freeze                Ice            100%       1d10      1%          1
b - Frozen Ramparts       Ice            100%       1d16      1%          3
c - Ozocubu's Armour      Ice            54%        N/A       1%          3
d - Summon Guardian Gole  Hex/Summ       45%        N/A       1%          3
e - Airstrike             Air            12%        2d(2-18)  12%         4
f - Summon Ice Beast      Ice/Summ       49%        N/A       1%          4
g - Metabolic Englaciati  Hex/Ice        25%        N/A       3%          5

Your spell library contained the following spells:

 Spells                   Type           Power      Damage    Failure   Level
 Shock                    Conj/Air       72%        1d7       1%          1
 Summon Small Mammal      Summ           100%       N/A       1%          1
 Call Canine Familiar     Summ           43%        N/A       1%          3
 Swiftness                Air            24%        N/A       3%          3
 Scorch                   Fire           24%        2d6       4%          2
 Gell's Gravitas          Tloc           12%        N/A       9%          3
 Ignite Poison            Fire/Tmut/Pois 12%        N/A       9%          3
 Teleport Other           Tloc           12%        N/A       9%          3
 Flame Wave               Conj/Fire      12%        2d6       28%         4
 Sticky Flame             Conj/Fire      12%        2d4       28%         4
 Summon Cactus Giant      Summ           21%        N/A       32%         6
 Simulacrum               Ice/Necr       17%        N/A       56%         6
 Dispersal                Tloc           6%         N/A       98%         6
 Ignition                 Fire           6%         3d4       100%        8


Dungeon Overview and Level Annotations

Branches:
Dungeon (15/15)            Temple (0/1) D:7            Lair (5/5) D:9
  Swamp (0/4) Lair:2       Spider (0/4) Lair:2        Slime (0/5) Lair:5
    Orc (2/2) D:12            Elf (0/3) Orc:2         IceCv (visited)
 Vaults: D:13-14     Depths: D:15

Shops:
D:4 [   D:9 *   Orc:2 [=

Annotations:
D:10 1 runed translucent door, jotaen's ghost, novice MiFi
D:11 Erica
Lair:3 exclusion: oklob plant
Lair:4 Check
L:5 again
Orc:1 6 transporters


Innate Abilities, Weirdness & Mutations

You have an increased reservoir of magic. (+10% MP)
You shall have no god before yourself.
Your divine heritage dramatically boosts your attributes as you level up.
Armour fits poorly on your strangely shaped body.


Message History

The arrow barely misses you.
You bludgeon the efreet!!
The efreet is severely wounded.
The efreet gestures at you.
The fireball explodes!
The fireball engulfs you!!
The fireball engulfs the efreet.
The efreet completely resists.
You hear a shout!
Casting: Ozocubu's Armour (safe; 1% risk of failure)
Confirm with . or Enter, or press ? or * to list all spells.
Casting: Frozen Ramparts (safe; 1% risk of failure)
Press: ? - help, Dir - look around, f - activate The walls around you are covered in ice.
The centaur warrior shoots an arrow.
The arrow hits you!!
* * * LOW HITPOINT WARNING * * *
The wall freezes the efreet.
The efreet gestures at you.
The fireball explodes!
The fireball engulfs you!
* * * LOW HITPOINT WARNING * * *
The fireball engulfs the efreet.
The efreet completely resists.
The centaur warrior shoots an arrow.
The arrow hits you.
* * * LOW HITPOINT WARNING * * *
Okay, then.
Okay, then.
Okay, then.
As you read the scroll of fog, it dissolves into smoke.
The efreet is frozen!
The wall freezes the efreet.
The efreet hits you but does no damage.
You feel better.
The wall freezes the efreet but does no damage.
You block the efreet's attack.
You feel better.
The efreet is frozen!
The wall freezes the efreet.
The efreet misses you.
The frozen ramparts melt away as you move.
The centaur warrior unwields a +0 shortbow.
The centaur warrior hits you.
* * * LOW HITPOINT WARNING * * *
You block the centaur warrior's attack. The efreet gestures at you.
The fireball explodes!
The fireball engulfs you!!
You die...

#. #. #. #. ###.
##.# ... ...#
.#####§#### #..#
...c..§c@§# #..#
######§##§# #..# #.
#R#######..#
#.##§§........######
#.)................#
#..#..........####.#
#(.#.#######.## #.#
#..#.# #.# #.#
#..#.# #.# #.#


You could see a centaur warrior and an efreet.

Vanquished Creatures
  Gastronok (Orc:1)
  Kirke (Lair:4)
  Josephine (Lair:3)
  Erolcha (Orc:1)
  2 centaur warriors
  2 ogre magi (Orc:2)
  4 hydras
  3 two-headed ogres
  2 boulder beetles (D:13)
  A death knight (D:13)
  An orc high priest (Orc:2)
  2 tengu warriors (D:14)
  Nergalle (Orc:1)
  A skyshark (Lair:5)
  Amaemon (D:11)
  Lodul (D:10)
  An orc knight (D:15)
  A phantasmal warrior (D:13)
  An arcanist (D:14)
  11 orc sorcerers
  3 ugly things
  3 manticores
  A will-o-the-wisp (Lair:2)
  2 cyclopes
  12 elephants
  5 black mambas
  A kobold blastminer (Orc:2)
  7 cane toads
  An orange demon (D:11)
  A gargoyle (D:13)
  9 rime drakes
  2 freezing wraiths (D:13)
  An efreet (D:14)
  3 komodo dragons
  A yaktaur (D:13)
  2 tengu conjurers
  Psyche (D:10)
  9 trolls
  2 polar bears
  13 blink frogs
  2 shadows (D:12)
  A water elemental (D:15)
  3 slime creatures (Lair:5)
  6 wraiths
  37 yaks
  3 wyverns
  A vampire (D:12)
  4 basilisks
  2 hogs (Lair:4)
  3 steam dragons
  7 vampire mosquitoes
  A redback (Lair:2)
  Edmund (D:5)
  12 water moccasins
  4 acid dragons
  A black bear (D:6)
  2 sky beasts
  An ice beast (D:8)
  12 orc warriors
  20 ogres
  8 wolves
  A phantom (D:5)
  5 centaurs
  A centaur (shapeshifter) (D:14)
  Blork the orc (D:5)
  A gnoll sergeant (D:7)
  7 bullfrogs
  A scorpion (D:5)
  5 wights (D:7)
  4 killer bees (D:10)
  A howler monkey (D:10)
  5 hounds
  5 jellies
  21 orc priests
  Crazy Yiuf (D:7)
  4 gnoll boudas
  8 iguanas
  A hell rat (D:9)
  41 orc wizards
  Natasha (thrice) (D:4)
  9 adders
  29 gnolls
  A river rat (D:9)
  2 shadow imps
  3 white imps
  2 ufetubi (D:6)
  5 dart slugs
  75 orcs
  6 bats
  9 endoplasms
  4 giant cockroaches
  10 goblins
  3 jackals (D:2)
  4 quokkas
  7 ball pythons
  2 frilled lizards
  7 kobolds
  10 rats
553 creatures vanquished.

Vanquished Creatures (collateral kills)
  Harold (D:11)
  An orc high priest (Orc:1)
  A spriggan simulacrum (IceCv)
  An orc warrior (Orc:1)
  A deep troll simulacrum (IceCv)
  2 orc wizards (Orc:1)
7 creatures vanquished.

Vanquished Creatures (others)
  Fannar (D:11)
  3 humans (Lair:4)
  2 orcs
  8 foxfires (Lair:2)
14 creatures vanquished.

Grand Total: 574 creatures vanquished

Notes
Turn   | Place    | Note
-------+----------+-------------------------------------------
     0 | D:1      | Amplified the Demigod Ice Elementalist began the quest for
                  | the Orb.
     0 | D:1      | Reached XP level 1. HP: 14/14 MP: 5/5
   335 | D:1      | Reached XP level 2. HP: 22/22 MP: 7/7
   463 | D:1      | Reached skill level 1 in Fighting
   925 | D:2      | Reached XP level 3. HP: 20/28 MP: 9/9
   940 | D:2      | Learned a level 3 spell: Frozen Ramparts
  1101 | D:2      | Identified the +9 mace "Pichye" {heavy, Fly rN++ Int+3
                  | Dex-4 Stlth+}
  1456 | D:2      | Learned a level 3 spell: Ozocubu's Armour
  1761 | D:2      | Reached XP level 4. HP: 30/36 MP: 6/10
  1764 | D:2      | Reached skill level 1 in Maces & Flails
  2101 | D:3      | Reached XP level 5. HP: 25/41 MP: 2/12
  2470 | D:4      | Found Duloti's Armour Boutique.
  2483 | D:4      | Reached skill level 2 in Maces & Flails
  2577 | D:4      | Bought a +0 pair of boots for 63 gold pieces
  2847 | D:4      | Reached XP level 6. HP: 18/50 MP: 7/14
  3080 | D:4      | Reached skill level 3 in Maces & Flails
  3228 | D:4      | Noticed Natasha
  3236 | D:4      | Killed Natasha
  3293 | D:4      | Noticed Natasha
  3348 | D:4      | Killed Natasha
  3449 | D:4      | Noticed Natasha
  3455 | D:4      | Killed Natasha
  3730 | D:5      | Entered Level 5 of the Dungeon
  3863 | D:5      | Noticed Edmund
  3874 | D:5      | Killed Edmund
  3875 | D:5      | Reached XP level 7. HP: 36/57 MP: 10/17
  4118 | D:5      | Reached skill level 4 in Maces & Flails
  4838 | D:6      | Noticed Blork the orc
  4845 | D:5      | Killed Blork the orc
  4901 | D:6      | Reached skill level 5 in Spellcasting
  4923 | D:6      | Learned a level 3 spell: Summon Guardian Golem
  5107 | D:6      | Reached skill level 5 in Maces & Flails
  5107 | D:6      | Reached skill level 1 in Summonings
  5107 | D:6      | Reached XP level 8. HP: 53/66 MP: 11/19
  5499 | D:6      | Noticed Maggie
  5504 | D:6      | Maggie changed into Maggie the basilisk
  5504 | D:6      | Noticed Maggie
  5509 | D:6      | Killed Maggie the basilisk
  6092 | D:6      | Learned a level 4 spell: Airstrike
  6369 | D:7      | Reached skill level 6 in Maces & Flails
  6794 | D:7      | Found a staircase to the Ecumenical Temple.
  6809 | D:7      | Reached XP level 9. HP: 55/72 MP: 18/22
  6957 | D:7      | Noticed Maurice
  6972 | D:7      | Maurice changed into Maurice the ogre
  6972 | D:7      | Noticed Maurice
  6974 | D:7      | Killed Maurice the ogre
  6980 | D:7      | Reached skill level 5 in Fighting
  7557 | D:7      | Found a runed translucent door.
  7558 | D:7      | Noticed Crazy Yiuf
  7565 | D:7      | Killed Crazy Yiuf
  7905 | D:8      | Reached skill level 7 in Maces & Flails
  7983 | D:8      | Reached skill level 5 in Summonings
  8352 | D:9      | Noticed a death yak
  8607 | D:9      | Learned a level 4 spell: Summon Ice Beast
  8800 | D:9      | Reached XP level 10. HP: 64/82 MP: 19/25
  8993 | D:9      | Found a staircase to the Lair.
  9246 | D:9      | Reached skill level 8 in Maces & Flails
  9400 | D:9      | Found Epadghipaa's Gadget Gallery.
  9443 | D:9      | Identified the +1 ring mail of Eternal Vigilance {Will-
                  | Regen+ Int+3}
  9446 | D:9      | Noticed a death yak
  9448 | D:9      | Noticed a death yak
  9533 | D:10     | Entered Level 10 of the Dungeon
  9534 | D:10     | Noticed Psyche
  9617 | D:10     | Noticed a two-headed ogre
  9665 | D:9      | Killed a two-headed ogre
  9850 | D:10     | Learned a level 5 spell: Metabolic Englaciation
  9875 | D:10     | Reached skill level 1 in Air Magic
 10049 | D:10     | Noticed Lodul
 10086 | D:10     | Killed Psyche
 10249 | D:10     | Killed Lodul
 10250 | D:10     | Found a runed translucent door.
 10271 | D:10     | Noticed jotaen's ghost (novice MiFi)
 10272 | D:10     | Noticed a +1 mace of chaos
 10766 | D:11     | Noticed Harold
 10859 | D:11     | Noticed Amaemon
 10876 | D:11     | Reached skill level 5 in Ice Magic
 10876 | D:11     | Reached XP level 11. HP: 89/91 MP: 21/27
 10916 | D:11     | Killed Amaemon
 10917 | D:11     | Reached skill level 1 in Hexes
 11202 | D:11     | Noticed Fannar
 11265 | Lair:1   | Entered Level 1 of the Lair of Beasts
 11360 | Lair:1   | Reached skill level 9 in Maces & Flails
 12409 | Lair:2   | Identified the +1 shadow dragon scales of the Sailor {Str+3
                  | Stlth++++}
 12563 | Lair:2   | Upgraded the game from 0.31-a0-1301-g7e11add784 to
                  | 0.31-a0-1309-gbf3fed316f
 12703 | Lair:2   | Found a staircase to the Swamp.
 13131 | Lair:2   | Found a hole to the Spider Nest.
 13172 | Lair:2   | Noticed a skyshark
 13230 | Lair:3   | Noticed Josephine
 13245 | Lair:3   | Killed Josephine
 13259 | Lair:3   | Reached XP level 12. HP: 87/100 MP: 16/29
 13395 | Lair:3   | Reached skill level 10 in Maces & Flails
 13893 | Lair:3   | Reached skill level 5 in Hexes
 14094 | Lair:3   | You are sucked into a shaft and drop 1 floor!
 14118 | Lair:4   | Noticed a seven-headed hydra
 14126 | Lair:4   | Killed a seven-headed hydra
 14639 | Lair:3   | Identified the +6 long sword of Demonkind {chaos, Dex+2}
 15348 | Lair:4   | Noticed a five-headed hydra
 15358 | Lair:4   | Killed a five-headed hydra
 15359 | Lair:4   | Reached skill level 10 in Spellcasting
 15550 | Lair:4   | Noticed Kirke
 15584 | Lair:4   | Noticed a five-headed hydra
 15588 | Lair:4   | Killed Kirke
 15595 | Lair:4   | Killed a five-headed hydra
 16444 | Lair:5   | Entered Level 5 of the Lair of Beasts
 16983 | Lair:5   | Found a staircase to the Slime Pits.
 17061 | Lair:5   | Reached XP level 13. HP: 107/107 MP: 25/32
 17130 | Lair:5   | Reached skill level 11 in Maces & Flails
 17645 | Lair:5   | Noticed a dire elephant
 17645 | Lair:5   | Noticed a dire elephant
 18231 | D:11     | Killed Fannar
 18435 | D:11     | Killed Harold
 18582 | D:11     | Noticed Erica
 20177 | D:12     | Found a staircase to the Orcish Mines.
 20543 | Orc:1    | Entered Level 1 of the Orcish Mines
 20626 | Orc:1    | Noticed Gastronok
 20628 | Orc:1    | Reached skill level 1 in Shields
 20662 | Orc:1    | Killed Gastronok
 20843 | Orc:1    | Found a transporter.
 20844 | Orc:1    | Found a transporter.
 20844 | Orc:1    | Found a transporter.
 20845 | Orc:1    | Found a transporter.
 20845 | Orc:1    | Noticed a juggernaut
 20863 | Orc:1    | Found a transporter.
 20971 | Orc:1    | Found a transporter.
 21101 | Orc:2    | Entered Level 2 of the Orcish Mines
 21101 | Orc:2    | Found a staircase to the Elven Halls.
 21219 | Orc:2    | Gained mutation: Armour fits poorly on your strangely
                  | shaped body. [a neqoxec]
 21230 | Orc:1    | Noticed Nergalle
 21242 | Orc:1    | Killed Nergalle
 21268 | Orc:1    | You are sucked into a shaft and drop 1 floor!
 22464 | Orc:2    | Reached skill level 5 in Dodging
 22483 | Orc:2    | Paralysed by an orc sorcerer for 4 turns
 22491 | Orc:2    | Found Urug's Jewellery Boutique.
 22566 | Orc:2    | Reached skill level 12 in Maces & Flails
 22634 | Orc:2    | Found Osupoe's Antique Armour Boutique.
 22772 | Orc:2    | Found Jod Jaho's Distillery.
 22772 | Orc:2    | Found Pan Xaa's Magic Scroll Shop.
 22803 | Orc:2    | Bought a shiny helmet for 217 gold pieces
 22830 | Orc:2    | Bought a potion of haste for 130 gold pieces
 22830 | Orc:2    | Bought a potion of might for 52 gold pieces
 22830 | Orc:2    | Bought 2 potions of attraction for 78 gold pieces
 22830 | Orc:2    | Bought a potion of brilliance for 52 gold pieces
 22830 | Orc:2    | Bought a potion of berserk rage for 65 gold pieces
 22830 | Orc:2    | Bought a potion of enlightenment for 65 gold pieces
 22830 | Orc:2    | Bought a potion of cancellation for 104 gold pieces
 22837 | Orc:2    | Bought a scroll of teleportation for 51 gold pieces
 22837 | Orc:2    | Bought a scroll of teleportation for 51 gold pieces
 22837 | Orc:2    | Bought a scroll of identify for 34 gold pieces
 22837 | Orc:2    | Bought a scroll of blinking for 127 gold pieces
 22837 | Orc:2    | Bought a scroll of revelation for 127 gold pieces
 22837 | Orc:2    | Bought a scroll of summoning for 161 gold pieces
 22837 | Orc:2    | Bought a scroll of identify for 34 gold pieces
 22837 | Orc:2    | Bought a scroll of amnesia for 68 gold pieces
 22837 | Orc:2    | Bought a scroll of teleportation for 51 gold pieces
 22837 | Orc:2    | Bought a scroll of fog for 68 gold pieces
 23222 | Orc:1    | Noticed Erolcha
 23242 | Orc:1    | Killed Erolcha
 23245 | Orc:1    | Reached XP level 14. HP: 74/118 MP: 18/33
 23573 | Orc:2    | Bought an amulet of the acrobat for 480 gold pieces
 24908 | D:14     | Found a frozen archway.
 25135 | IceCv    | Entered an ice cave
 25149 | IceCv    | Reached skill level 5 in Shields
 25385 | D:15     | Entered Level 15 of the Dungeon
 25636 | D:15     | Killed from afar by an efreet

Illustrated notes

Levels and vault maps discovered:
D:1:      mainiacjoe_arrival_reflecting_pool, layout_basic,
          basic_ecumenical_altar, minmay_hexomino_c4
D:2:      layout_loops_ring
D:3:      layout_basic
D:4:      layout_basic, grunt_gozag_breadcrumbs, serial_shops,
          nicolae_square_shop, uniq_natasha
D:5:      layout_loops_ring, uniq_edmund
D:6:      layout_gridville, uniq_maggie, uniq_blork_the_orc
D:7:      layout_loops_corners, minmay_temple_entry_offerings,
          grunt_ministairs_10, uniq_maurice, uniq_crazy_yiuf_cottage
D:8:      layout_loops_ring, riverfiend_overflow_shadow_ancestor
D:9:      layout_layer_cave, dpeg_lair_monsters, nicolae_shop_gadgets
D:10:     layout_small_grid, ebering_ghost_xom, hangedman_abyss_or_decor_passed,
          uniq_lodul, uniq_psyche
D:11:     layout_irregular_city, uniq_amaemon, uniq_fannar, uniq_harold,
          uniq_erica
D:12:     layout_basic, minmay_orc_entry_temple_large, minmay_radiant
D:13:     layout_basic, minmay_liquid_box
D:14:     layout_rooms, skrybe_vaults_entry_preservation,
          portal_ice_cave_entry_pillars_four
D:15:     hangedman_depths_entry_civil_slaughter, layout_basic, elyvilon_altar_4
Lair:1:   layout_hall_layers, hangedman_lair_generics_rect, lemuel_fruit_tree
Lair:2:   dragon1_lemuel, layout_hall_layers, minmay_swamp_entry_wisps,
          spider_nest_entry_webs, uniq_urug
Lair:3:   layout_cave_pods, lemuel_fruit_fields, uniq_josephine
Lair:4:   layout_regular_city, minmay_lair_drake_nest, grunt_megastairs_1,
          serial_bayou_shore_b, uniq_kirke
Lair:5:   due_jungle_book, layout_regular_city, minmay_slime_entry_pillars
Orc:1:    layout_diamond_mine, hellmonk_jugg_or_not, uniq_nergalle,
          uniq_gastronok, uniq_erolcha
Orc:2:    kennysheep_orc_mage_school, layout_caves, guppyfry_library_mini

Skill      XL: |  1  2  3  4  5  6  7  8  9 10 11 12 13 14 |
---------------+-------------------------------------------+-----
Spellcasting   | 2 3 4 5 6 7 8 9 10 | 10.7
Fighting       | 1 2 3 4 5 6 7 8 9 |  9.4
Ice Magic      | 4 5 6 8 |  8.9
Maces & Flails | 1 2 3 5 6 7 8 9 10 12 | 12.6
Summonings     | 1 3 5 6 |  6.3
Air Magic      | 2 |  2.4
Hexes          | 4 6 7 |  7.2
Dodging        | 6 8 |  8.1
Shields        | 3 5 |  5.4
Stealth        | |  1.7

Action                     |  1- 3 |  4- 6 |  7- 9 | 10-12 | 13-15 || total
---------------------------+-------+-------+-------+-------+-------++-------
  Melee: Unarmed           |    11 |       |       |     1 |       ||    12
         Mace              |    94 |    80 |   181 |   393 |   388 ||  1136
         Dagger            |     1 |       |       |       |       ||     1
         Punch             |       |       |     1 |     5 |       ||     6
   Cast: Freeze            |    18 |       |       |       |       ||    18
         Frozen Ramparts   |     3 |    19 |    31 |    67 |    69 ||   189
         Ozocubu's Armour  |       |    15 |    21 |    50 |    49 ||   135
         Summon Guardian G |       |       |       |     1 |     3 ||     4
         Metabolic Englaci |       |       |       |       |    41 ||    41
         Summon Ice Beast  |       |       |       |       |     2 ||     2
         Airstrike         |       |       |       |       |     3 ||     3
  Evoke: Wand              |       |     5 |     9 |    20 |     7 ||    41
    Use: Scroll            |     4 |     4 |    13 |    11 |    12 ||    44
         Potion            |     1 |     2 |     1 |     8 |     8 ||    20
   Stab: Sleeping          |     3 |     6 |     5 |     2 |     1 ||    17
         Distracted        |       |       |       |     1 |     1 ||     2
 Armour: Robe              |    86 |    66 |    57 |       |       ||   209
         Acid dragon scale |       |       |   163 |   478 |   392 ||  1033
         Shadow dragon sca |       |       |       |   134 |       ||   134
         Skin              |       |       |       |     1 |       ||     1
  Dodge: Dodged            |   105 |    77 |   143 |   355 |   266 ||   946
  Block: Buckler           |       |       |       |       |    94 ||    94

Table legend: (Time is in decaauts)
 A = Elapsed time spent in this place.
 B = Non-inter-level travel time spent in this place.
 C = Inter-level travel time spent in this place.
 D = Time resting spent in this place.
 E = Time spent auto-exploring this place.
 F = Levels seen in this place.
 G = Mean time per level.
                   A        B        C        D        E       F      G
               +--------+--------+--------+--------+--------+-----+--------+
         Total |  26178 |  24823 |   1355 |   4165 |  14740 |  23 | 1138.2 |
       Dungeon |  16029 |  15204 |    825 |   2354 |   9296 |  15 | 1068.6 |
          Lair |   6870 |   6667 |    203 |   1123 |   4119 |   5 | 1374.0 |
  Orcish Mines |   3144 |   2818 |    326 |    584 |   1325 |   2 | 1572.0 |
      Ice Cave |    133 |    133 |      0 |    104 |      0 |   1 |  133.0 |
               +--------+--------+--------+--------+--------+-----+--------+

Top non-repeatable levels by time:
   Orc:2: 2200 daAuts
  Lair:3: 1713 daAuts
  Lair:4: 1673 daAuts
     D:9: 1632 daAuts
     D:7: 1566 daAuts
  Lair:5: 1456 daAuts
    D:12: 1435 daAuts
     D:4: 1365 daAuts
  Lair:2: 1337 daAuts
    D:11: 1260 daAuts
     D:6: 1253 daAuts
    D:13: 1191 daAuts
    D:10: 1190 daAuts
     D:5: 1129 daAuts
     D:2: 1010 daAuts
